 Dungeon Crawl Stone Soup version 0.24.0-125-gc4c63601f3 (webtiles) character file.

Game seed: 4445583127408319414, levelgen mode: deterministic

188042 Lemonice the Transcendent (level 18, -11/141 HPs)
             Began as a Gnoll Warper on Feb 21, 2020.
             Was a High Priest of Ru.
             Mangled by a merfolk impaler
             ... wielding a +6 trident of flaming
              (15 damage)
             ... on level 4 of the Shoals.
             The game lasted 04:10:57 (35484 turns).

Lemonice the Transcendent (Gnoll Warper)           Turns: 35484, Time: 04:10:59

Health: -11/141    AC: 16    Str: 22    XL:     18   Next: 53%
Magic:  34/40      EV: 22    Int: 17    God:    Ru [*****.]
Gold:   789        SH:  0    Dex: 19    Spells: 3/42 levels left

rFire    . . .     SeeInvis .   d - +8 storm bow {elec, penet}
rCold    . . .     Gourm    .   (shield currently unavailable)
rNeg     . . .     Faith    .   x - +2 leather armour of the Moon {Str+2 Dex+4}
rPois    +         Spirit   .   (helmet restricted)
rElec    .         Reflect  .   b - +2 cloak {rPois}
rCorr    .         Harm     .   n - +1 pair of gloves
MR       .....     Rnd*Rage +   N - +2 pair of boots
Stlth    ..........             p - amulet of regeneration
HPRegen  0.73/turn              A - ring of magical power
MPRegen  0.27/turn              (no ring)

@: confusing touch, no scrolls, studying Ice Magic
A: distributed training, fangs 1, horns 1, berserk 1, low mp 1, inability to
read while threatened, no stealth, hated by all, magic vulnerability 1, strong
nose
a: Draw Out Power, Power Leap, Apocalypse, Renounce Religion


You were on level 4 of the Shoals.
You worshipped Ru.
Ru was extremely pleased with you.
You were not hungry.

You visited 5 branches of the dungeon, and saw 28 of its levels.
You visited the Abyss 1 time.
You visited 1 bazaar.
You also visited: Bailey and Ice Cave.

You collected 2894 gold pieces.
You spent 2105 gold pieces at shops.

Inventory:

Hand Weapons
 d - the +8 storm bow (weapon) {elec, penet}
   (You found it on level 3 of the Shoals)

   It charges the ammunition it shoots with electricity; occasionally upon a
   hit, such missiles may discharge and cause terrible harm.
   Ammo fired by it will pass through the targets it hits, potentially hitting
   all targets in its path until it reaches maximum range.
 k - a +2 whip of electrocution
 v - the +6 scimitar "Adill" {slice, rC+ SInv}
   (You bought it in a shop on level 1 of the Orcish Mines)

   It inflicts extra damage upon your enemies.
   It protects you from cold.
   It lets you see invisible.
Missiles
 e - 7 boomerangs of dispersal
 C - 6 throwing nets
 Z - 237 arrows (quivered)
Armour
 b - a +2 cloak of poison resistance (worn)
 n - a +1 pair of gloves (worn)
 x - the +2 leather armour of the Moon (worn) {Str+2 Dex+4}
   (You found it on level 7 of the Dungeon)

   It affects your strength (+2).
   It affects your dexterity (+4).
 B - a +1 hat of see invisible
 D - a +0 troll leather armour
 I - a +0 buckler
 J - the +1 chain mail of Shadows and Fog {MR++}
   (You bought it in a shop in a bazaar)

   It affects your resistance to hostile enchantments.
 L - a +4 chain mail of cold resistance
 N - a +2 pair of boots (worn)
Jewellery
 i - an uncursed ring of protection from fire
 p - an amulet of regeneration (around neck)
 q - an uncursed ring of ice
 A - a ring of magical power (left hand)
Wands
 y - a wand of polymorph (24)
 M - a wand of iceblast (39)
 R - a wand of acid (22)
 S - a wand of disintegration (13)
 U - a wand of paralysis (7)
Scrolls
 g - a scroll of fog
 m - 10 scrolls of remove curse
 r - 7 scrolls of teleportation
 s - 6 scrolls of enchant weapon
 u - 10 scrolls of enchant armour
 w - 2 scrolls of magic mapping
 E - 3 scrolls of immolation
 F - 3 scrolls of identify
 O - 6 scrolls of amnesia
 Y - 3 scrolls of vulnerability
Potions
 c - 2 potions of flight
 h - 2 potions of invisibility
 j - 2 potions of brilliance
 l - 6 potions of lignification
 t - 2 potions of agility
 z - 5 potions of heal wounds
 G - a potion of mutation
 H - a potion of magic
 K - 2 potions of might
 P - 3 potions of berserk rage
 Q - 2 potions of cancellation
 V - 9 potions of curing
 W - 4 potions of ambrosia
 X - 2 potions of haste
Books
 a - a manual of Ice Magic
Miscellaneous
 o - a lamp of fire
 T - a lightning rod (4/4)
Comestibles
 f - 35 rations


   Skills:
 + Level 12.4 Fighting
 + Level 11.6 Short Blades
 + Level 11.6 Long Blades
 + Level 11.6 Axes
 + Level 11.6 Maces & Flails
 + Level 12.4 Polearms
 + Level 11.6 Staves
 + Level 11.6 Slings
 + Level 11.6 Bows
 + Level 11.6 Crossbows
 + Level 11.9 Throwing
 + Level 11.9 Armour
 + Level 12.4 Dodging
   Level 0.0 Stealth
 + Level 11.6 Shields
 + Level 11.6 Unarmed Combat
 + Level 12.5 Spellcasting
 + Level 9.9 Conjurations
 + Level 9.9 Hexes
 + Level 9.9 Charms
 + Level 9.9 Summonings
 + Level 9.9 Necromancy
 + Level 11.2 Translocations
 + Level 9.9 Transmutations
 + Level 9.9 Fire Magic
 + Level 11.4 Ice Magic
 + Level 9.9 Air Magic
 + Level 9.9 Earth Magic
 + Level 9.9 Poison Magic
 + Level 12.5 Invocations
 + Level 11.6 Evocations


You had 3 spell levels left.
You knew the following spells:

 Your Spells              Type           Power        Failure   Level  Hunger
a - Blink                 Tloc           N/A          1%          2    None
b - Shroud of Golubria    Chrm/Tloc      #####.       1%          2    None
c - Apportation           Tloc           #####.       1%          1    None
d - Confusing Touch       Hex            #####.       1%          1    None
e - Gell's Gravitas       Tloc           #####.....   1%          3    None
f - Lesser Beckoning      Tloc           #####.....   1%          3    None
g - Teleport Other        Tloc           #####...     1%          3    None
h - Passage of Golubria   Tloc           N/A          1%          4    ##.....
i - Mephitic Cloud        Conj/Pois/Air  #####...     1%          3    None
j - Olgreb's Toxic Radia  Pois           #####...     1%          4    ##.....
k - Confuse               Hex            #####...     1%          3    None
l - Regeneration          Chrm/Necr      #####.....   1%          3    None
m - Portal Projectile     Hex/Tloc       #####.       1%          3    None
n - Cause Fear            Hex            #####.....   1%          4    ##.....

Your spell library contained the following spells:

 Spells                   Type           Power        Failure   Level  Hunger
 Corona                   Hex            #####..      1%          1    None
 Infusion                 Chrm           ####         1%          1    None
 Magic Dart               Conj           ####         1%          1    None
 Sting                    Conj/Pois      ####         1%          1    None
 Ensorcelled Hibernation  Hex/Ice        #####.       1%          2    None
 Poisonous Vapours        Pois/Air       #####.       1%          2    None
 Slow                     Hex            #####...     1%          2    None
 Song of Slaying          Chrm           #####...     1%          2    None
 Sublimation of Blood     Necr           #####.....   1%          2    None
 Conjure Flame            Conj/Fire      #####...     1%          3    None
 Dazzling Spray           Conj/Hex       #####.       1%          3    None
 Ignite Poison            Fire/Tmut/Pois #####...     1%          3    None
 Inner Flame              Hex/Fire       #####...     1%          3    None
 Spectral Weapon          Hex/Chrm       #####...     1%          3    None
 Tukima's Dance           Hex            #####...     1%          3    None
 Leda's Liquefaction      Hex/Erth       #####.....   1%          4    ##.....
 Petrify                  Tmut/Erth      #####...     1%          4    ##.....
 Alistair's Intoxication  Tmut/Pois      #####...     3%          5    ####...
 Aura of Abjuration       Summ           #####.....   3%          5    ####...
 Irradiate                Conj/Tmut      #####.....   3%          5    ####...
 Venom Bolt               Conj/Pois      #####.....   3%          5    ####...
 Animate Skeleton         Necr           Unusable     N/A         1    N/A
 Summon Small Mammal      Summ           Unusable     N/A         1    N/A
 Call Imp                 Summ           Unusable     N/A         2    N/A
 Call Canine Familiar     Summ           Unusable     N/A         3    N/A
 Recall                   Summ/Tloc      Unusable     N/A         3    N/A
 Summon Guardian Golem    Hex/Summ       Unusable     N/A         3    N/A
 Summon Ice Beast         Ice/Summ       Unusable     N/A         4    N/A
 Summon Lightning Spire   Summ/Air       Unusable     N/A         4    N/A
 Summon Forest            Summ/Tloc      Unusable     N/A         5    N/A
 Summon Demon             Summ           Unusable     N/A         5    N/A
 Summon Mana Viper        Hex/Summ       Unusable     N/A         5    N/A
 Shadow Creatures         Summ           Unusable     N/A         6    N/A

Dungeon Overview and Level Annotations

Branches:
Dungeon (15/15)            Temple (1/1) D:4            Lair (6/6) D:11
 Shoals (4/4) Lair:4       Spider (0/4) Lair:3        Slime (0/5) Lair:6
    Orc (2/2) D:10            Elf (0/3) Orc:2        Vaults (0/5) D:13
 Depths (0/5) D:15         Bailey (visited)           IceCv (visited)

Altars:
Ashenzari
Cheibriados
Dithmenos
Elyvilon
Fedhas
Gozag
Hepliaklqana
Kikubaaqudgha
Makhleb
Nemelex Xobeh
Okawaru
Qazlal
Ru
Sif Muna
Trog
Uskayaw
Vehumet
Wu Jian
Xom
Yredelemnul
Zin
The Shining One
Beogh
Jiyva

Shops:
D:4 *   D:8 :   D:14 [   D:15 =   Orc:1 ((   Orc:2 (=:=

Portals:
Trove: D:14 (give +2 shadow dragon scales)

Annotations:
Lair:3 exclusion: 2 oklob plants


Innate Abilities, Weirdness & Mutations

Your experience applies equally to all skills.
You have very sharp teeth.
Your magical capacity is low. (-10% MP)
You cannot read scrolls while threatened.
You cannot be stealthy.
You are hated by all.
You are slightly vulnerable to magic. (MR-)
Your uncanny sense of smell can sniff out nearby items.
You have a pair of small horns on your head.
You tend to lose your temper in combat.


Message History

You hear a splash.
The merfolk impaler hits you from afar with a +6 trident of flaming!!
You feel threatened and lose the ability to read scrolls!
The merfolk impaler burns you!
The merfolk impaler hits you but does no damage.
You are too injured to fight recklessly!
Firing (i - inventory. (/) - cycle)
Z - 238 arrows (quivered)
Press: ? - help, Shift-Dir - straight line, f/p - merfolk impaler
Aim: a merfolk impaler, wielding a +6 trident of flaming and wearing a cursed -1 robe (severely wounded, chance to confuse on hit: 40%)
You shoot an arrow.
The arrow pierces through the merfolk impaler!
The merfolk impaler is almost dead.
You hear a splash.
The merfolk impaler hits you from afar with a +6 trident of flaming!!
The merfolk impaler burns you!
* * * LOW HITPOINT WARNING * * *
The merfolk impaler hits you from afar with a +6 trident of flaming!!
* * * LOW HITPOINT WARNING * * *
The merfolk impaler burns you!
You die...

≈≈≈≈≈≈≈≈≈≈≈≈≈≈≈≈≈≈≈≈≈≈≈≈
≈≈≈≈≈≈≈≈≈≈≈≈≈≈≈≈≈≈≈≈≈≈≈≈≈
≈≈≈≈≈≈≈≈≈≈≈≈≈≈≈ ≈≈≈≈≈≈≈≈≈≈
≈≈≈≈≈≈.....≈≈≈≈# #≈≈≈≈≈≈≈
≈≈≈≈≈≈≈........# #≈≈≈m≈≈
≈≈≈≈≈≈........# #m≈≈≈≈
≈≈≈≈≈≈≈≈≈≈......m.# #≈#≈≈≈≈
≈≈≈≈≈≈≈≈≈≈........# ≈HH#≈m≈≈
≈≈≈≈≈≈..≈≈......@.# #H≈H#≈≈≈≈
≈≈≈≈≈≈..........<.# m≈#.≈#≈≈≈≈
≈≈≈≈≈≈..........P.# ∆mmm.C≈#≈≈≈≈
≈≈≈≈≈≈..≈≈....P≈..## #m...≈##≈≈≈≈
≈≈≈≈≈...≈.....PP.P≈##≈≈ ≈≈##.≈≈≈≈
≈≈†≈.....)....PPP...#######..≈≈≈≈
≈≈≈..)####......P...P.......)≈≈≈≈
≈≈.(..# ##.##.≈PP≈.........≈≈≈≈≈
≈≈..#.# #.###≈P≈P......(..≈≈≈≈≈


You could see a merfolk impaler.

Vanquished Creatures
  The ghost of fearitself the Executioner, an adept MiBe of Trog (Shoals:3)
  Frances (D:12)
  A kraken (Shoals:2)
  Gastronok (D:8)
  Ilsuiw (Shoals:2)
  An orc warlord (Orc:2)
  A stone giant (Orc:2)
  2 dire elephants
  A merfolk javelineer (Shoals:3)
  2 merfolk impalers
  A vault guard (D:13)
  Erolcha (D:10)
  An ice dragon (Lair:5)
  7 hydras
  A centaur warrior (D:13)
  4 merfolk avatars
  A death knight (D:13)
  A catoblepas (Lair:6)
  A deep troll shaman (Lair:6)
  A satyr (Shoals:2)
  13 two-headed ogres
  A thrashing horror (Abyss:2)
  30 death yaks
  A deep troll earth mage (D:14)
  Urug (D:12)
  The ghost of Notrik the Fighter, a novice HOFi of Gozag (D:7)
  4 orc high priests (Orc:2)
  Nergalle (Orc:1)
  The ghost of Descartes the Geomancer, a novice GrEE of Vehumet (D:7)
  The ghost of Xerdoz the Grappler, a novice TrHu (D:7)
  A wretched star (Abyss:1)
  2 large abominations (Abyss:2)
  8 sea snakes
  An unseen horror (D:10)
  The ghost of
  1994 the Cleaver, a novice MiGl (D:7)
  6 orc knights
  The ghost of SirRappy the Cleaver, a novice MiBe of Trog (D:7)
  A necromancer (IceCv)
  6 harpies
  12 cyclopes
  3 fauns (Shoals:2)
  2 wolf spiders (Lair:3)
  4 orc sorcerers (Orc:2)
  12 ugly things
  A wolf spider zombie (D:14)
  14 manticores
  23 elephants
  A water nymph (Shoals:4)
  A centaur zombie (D:15)
  11 merfolk sirens
  An ice statue (IceCv)
  8 black mambas
  11 spiny frogs
  A rime drake (Lair:3)
  3 kobold demonologists
  3 komodo dragons
  10 freezing wraiths
  A hellwing (Abyss:2)
  8 trolls
  18 merfolk
  A queen bee (Lair:2)
  6 polar bears
  A jumping spider (Lair:3)
  A wolf spider simulacrum (IceCv)
  A jumping spider (shapeshifter) (D:15)
  4 hornets
  8 blink frogs
  12 hippogriffs
  4 dream sheep
  3 wind drakes
  7 slime creatures
  A meliai zombie (D:10)
  4 snapping turtles
  Sigmund (D:2)
  A vampire (D:14)
  2 wraiths
  3 water elementals (Shoals:3)
  A redback (Lair:3)
  A wyvern (D:11)
  A human (shapeshifter) (D:14)
  52 yaks
  3 basilisks
  A chaos spawn (Abyss:2)
  2 hungry ghosts
  3 small abominations (Abyss:2)
  9 wargs
  2 soldier ants
  12 water moccasins
  A floating eye (Lair:3)
  10 porcupines
  2 black bears
  45 orc warriors
  12 ice beasts
  6 sky beasts
  19 ogres
  15 wolves
  8 centaurs
  7 crocodiles
  3 big kobolds
  21 bullfrogs
  A water moccasin zombie (D:11)
  6 scorpions
  38 killer bees
  9 wights
  7 howler monkeys
  4 crimson imps
  2 draconian simulacra (IceCv)
  A quasit (D:10)
  3 jellies
  A wyvern simulacrum (D:13)
  7 hounds
  42 orc priests
  A bullfrog zombie (D:9)
  31 orc wizards
  5 bullfrog skeletons
  An iguana (D:10)
  Ijyb (D:5)
  5 centaur skeletons
  6 troll simulacra (IceCv)
  12 worker ants
  A polar bear simulacrum (IceCv)
  2 spriggan simulacra (IceCv)
  2 wolf simulacra (IceCv)
  5 centaur simulacra (IceCv)
  A hound skeleton (D:11)
  2 hound zombies
  A howler monkey zombie (D:10)
  A worker ant zombie (D:6)
  11 adders
  7 gnolls
  3 naga simulacra (IceCv)
  An ogre simulacrum (IceCv)
  3 shadow imps
  10 white imps (IceCv)
  2 oozes
  An adder skeleton (D:5)
  A worm (D:2)
  3 dart slugs (D:1)
  3 leopard geckos
  152 orcs
  A ball python (D:6)
  6 bats
  2 giant cockroaches
  6 goblins
  7 hobgoblins
  29 kobolds
  2 quokkas
  A frilled lizard (D:5)
  2 jackal skeletons
  A leopard gecko zombie (D:5)
  A quokka zombie (D:5)
  11 rats
  11 plants
  2 tentacles (Shoals:2)
1033 creatures vanquished.

Vanquished Creatures (others)
  A fire giant (D:14)
  Sonja (D:10)
  A freezing wraith (IceCv)
  A dream sheep (Shoals:3)
  An orc warrior (Orc:2)
  A killer bee (Lair:2)
  An orc priest (Orc:2)
  A troll simulacrum (IceCv)
  2 white imps (IceCv)
  12 fungi
  8 plants
  6 tentacles (Shoals:2)
36 creatures vanquished.

Grand Total: 1069 creatures vanquished

Notes
Turn   | Place    | Note
-------+----------+-------------------------------------------
     0 | D:1      | Lemonice the Gnoll Warper began the quest for the Orb.
     0 | D:1      | Reached XP level 1. HP: 20/20 MP: 6/6
   356 | D:1      | Reached XP level 2. HP: 26/26 MP: 7/7
   470 | D:1      | Reached XP level 3. HP: 26/31 MP: 9/9
   569 | D:1      | Reached skill level 5 in Spellcasting
   692 | D:2      | Reached skill level 1 in Invocations
   781 | D:2      | Reached skill level 1 in Short Blades
   781 | D:2      | Reached skill level 1 in Long Blades
   781 | D:2      | Reached skill level 1 in Axes
   781 | D:2      | Reached skill level 1 in Maces & Flails
   781 | D:2      | Reached skill level 1 in Staves
   781 | D:2      | Reached skill level 1 in Slings
   781 | D:2      | Reached skill level 1 in Bows
   781 | D:2      | Reached skill level 1 in Crossbows
   781 | D:2      | Reached skill level 1 in Stealth
   781 | D:2      | Reached skill level 1 in Shields
   781 | D:2      | Reached skill level 1 in Unarmed Combat
   781 | D:2      | Reached skill level 1 in Evocations
   858 | D:2      | Reached XP level 4. HP: 31/38 MP: 11/11
  1287 | D:2      | Noticed Sigmund
  1429 | D:1      | Learned a level 2 spell: Blink
  1432 | D:1      | Learned a level 2 spell: Shroud of Golubria
  1455 | D:2      | Killed Sigmund
  1455 | D:2      | Reached skill level 1 in Conjurations
  1455 | D:2      | Reached skill level 1 in Hexes
  1455 | D:2      | Reached skill level 1 in Charms
  1455 | D:2      | Reached skill level 1 in Summonings
  1455 | D:2      | Reached skill level 1 in Necromancy
  1455 | D:2      | Reached skill level 1 in Transmutations
  1455 | D:2      | Reached skill level 1 in Fire Magic
  1455 | D:2      | Reached skill level 1 in Ice Magic
  1455 | D:2      | Reached skill level 1 in Air Magic
  1455 | D:2      | Reached skill level 1 in Earth Magic
  1455 | D:2      | Reached skill level 1 in Poison Magic
  1455 | D:2      | Reached XP level 5. HP: 38/43 MP: 9/12
  1455 | D:2      | Reached XP level 6. HP: 45/50 MP: 9/13
  2094 | D:3      | Reached skill level 5 in Fighting
  2094 | D:3      | Reached skill level 5 in Polearms
  2094 | D:3      | Reached skill level 5 in Dodging
  2536 | D:3      | Found a shattered altar of Ashenzari.
  2538 | D:3      | Found a basalt altar of Yredelemnul.
  2539 | D:3      | Found a burning altar of Makhleb.
  2754 | D:4      | Reached XP level 7. HP: 56/56 MP: 15/15
  3335 | D:4      | Found a staircase to the Ecumenical Temple.
  3351 | Temple   | Entered the Ecumenical Temple
  3657 | D:4      | Found Vaijoroj's General Store.
  4328 | D:5      | Entered Level 5 of the Dungeon
  4347 | D:5      | Reached XP level 8. HP: 63/63 MP: 14/16
  5008 | D:5      | Noticed Ijyb
  5019 | D:5      | Killed Ijyb
  5669 | D:6      | Found a sacrificial altar of Ru.
  5698 | D:6      | Became a worshipper of Ru the Awakened
  5978 | D:6      | Reached XP level 9. HP: 55/69 MP: 11/18
  6370 | D:7      | Noticed a troll
  6425 | D:7      | Killed a troll
  6651 | D:7      | Found a runed translucent gate.
  6651 | D:7      | Found a runed translucent gate.
  6651 | D:7      | Found a runed translucent gate.
  6652 | D:7      | Noticed Xerdoz's ghost (novice TrHu)
  6652 | D:7      | Noticed Descartes's ghost (novice GrEE)
  6653 | D:7      | Noticed SirRappy's ghost (novice MiBe)
  6653 | D:7      | Noticed 1994's ghost (novice MiGl)
  6654 | D:7      | Noticed Notrik's ghost (novice HOFi)
  6700 | D:7      | Gained mutation: You are hated by all. [Ru sacrifice]
  6700 | D:7      | Reached * piety under Ru
  6788 | D:8      | Learned a level 1 spell: Apportation
  6853 | D:8      | Reached skill level 5 in Throwing
  6853 | D:8      | Reached skill level 5 in Armour
  7048 | D:8      | Found Iwucoifag's Book Boutique.
  7578 | D:9      | Noticed Gastronok
  7897 | D:9      | Reached skill level 5 in Invocations
  7941 | D:9      | Reached XP level 10. HP: 62/77 MP: 16/20
  8192 | D:9      | Reached skill level 5 in Short Blades
  8192 | D:9      | Reached skill level 5 in Long Blades
  8192 | D:9      | Reached skill level 5 in Axes
  8192 | D:9      | Reached skill level 5 in Maces & Flails
  8192 | D:9      | Reached skill level 5 in Staves
  8192 | D:9      | Reached skill level 5 in Slings
  8192 | D:9      | Reached skill level 5 in Bows
  8192 | D:9      | Reached skill level 5 in Crossbows
  8192 | D:9      | Reached skill level 5 in Stealth
  8192 | D:9      | Reached skill level 5 in Shields
  8192 | D:9      | Reached skill level 5 in Unarmed Combat
  8192 | D:9      | Reached skill level 5 in Evocations
  8257 | D:9      | Got a brightly glowing scale mail
  8293 | D:8      | Identified the +3 scale mail "Petwemo" {rPois rC- rN+} (You
                  | found it on level 9 of the Dungeon)
  8417 | D:9      | Learned a level 1 spell: Confusing Touch
  8421 | D:9      | Learned a level 3 spell: Gell's Gravitas
  8425 | D:9      | Learned a level 3 spell: Lesser Beckoning
  8429 | D:9      | Learned a level 3 spell: Teleport Other
  8434 | D:9      | Learned a level 4 spell: Passage of Golubria
  8951 | D:10     | Entered Level 10 of the Dungeon
  8969 | D:10     | Noticed Sonja
  8987 | D:10     | Cast into level 1 of the Abyss (Sonja)
  9019 | Abyss:1  | Noticed a wretched star
  9104 | Abyss:1  | Noticed a wretched star
  9133 | Abyss:1  | Noticed a worldbinder
  9142 | Abyss:1  | Killed a wretched star
  9156 | Abyss:1  | Found a corrupted altar of Lugonu.
  9163 | Abyss:1  | Gained mutation: You have an uncontrollable temper. [potion
                  | of mutation]
  9163 | Abyss:1  | Gained mutation: You have a pair of small horns on your
                  | head. [potion of mutation]
  9184 | Abyss:1  | Noticed a large abomination
  9242 | Abyss:1  | Noticed a cacodemon
  9248 | Abyss:1  | Noticed a wretched star
  9276 | Abyss:1  | Noticed a yellow draconian
  9403 | Abyss:2  | Noticed a thrashing horror
  9545 | Abyss:2  | Noticed a sixfirhy
  9721 | Abyss:2  | Noticed a wretched star
  9803 | Abyss:2  | Noticed a large abomination
  9815 | Abyss:2  | Killed a large abomination
  9835 | Abyss:2  | Noticed a green draconian
  9837 | Abyss:2  | Noticed a starcursed mass
  9858 | Abyss:2  | Noticed a thrashing horror
  9864 | Abyss:2  | Killed a thrashing horror
  9864 | Abyss:2  | Reached XP level 11. HP: 78/84 MP: 22/22
  9866 | D:10     | Escaped the Abyss
 10091 | D:10     | Killed an unseen horror
 10098 | D:10     | Reached skill level 5 in Conjurations
 10098 | D:10     | Reached skill level 5 in Hexes
 10098 | D:10     | Reached skill level 5 in Charms
 10098 | D:10     | Reached skill level 5 in Summonings
 10098 | D:10     | Reached skill level 5 in Necromancy
 10098 | D:10     | Reached skill level 5 in Transmutations
 10098 | D:10     | Reached skill level 5 in Fire Magic
 10098 | D:10     | Reached skill level 5 in Ice Magic
 10098 | D:10     | Reached skill level 5 in Air Magic
 10098 | D:10     | Reached skill level 5 in Earth Magic
 10098 | D:10     | Reached skill level 5 in Poison Magic
 10257 | D:10     | Found an opulent altar of Gozag.
 10630 | D:10     | Killed Sonja
 10698 | D:10     | Found a staircase to the Orcish Mines.
 10837 | D:10     | Noticed a two-headed ogre
 10962 | D:10     | Got a pitted leather armour
 10990 | D:10     | Killed a two-headed ogre
 11021 | D:10     | Noticed Erolcha
 11475 | D:11     | Noticed a purple ugly thing
 11555 | D:11     | Killed a purple ugly thing
 11707 | D:11     | Found a staircase to the Lair.
 11731 | D:11     | Learned a level 3 spell: Mephitic Cloud
 11736 | D:11     | Learned a level 4 spell: Olgreb's Toxic Radiance
 11816 | D:11     | Reached XP level 12. HP: 93/93 MP: 24/24
 12096 | Lair:1   | Entered Level 1 of the Lair of Beasts
 12616 | Lair:2   | Noticed a death yak
 12616 | Lair:2   | Noticed a death yak
 12616 | Lair:2   | Noticed a death yak
 12616 | Lair:2   | Noticed a death yak
 12616 | Lair:2   | Noticed a death yak
 12758 | Lair:2   | Noticed a death yak
 12758 | Lair:2   | Noticed a death yak
 12758 | Lair:2   | Noticed a death yak
 12758 | Lair:2   | Noticed a death yak
 12758 | Lair:2   | Noticed a death yak
 12900 | Lair:2   | Noticed a death yak
 12918 | Lair:2   | Killed a death yak
 12928 | Lair:2   | Killed a death yak
 12929 | Lair:2   | Killed a death yak
 12930 | Lair:2   | Killed a death yak
 12935 | Lair:2   | Killed a death yak
 12938 | Lair:2   | Killed a death yak
 13305 | Lair:2   | Killed a death yak
 13306 | Lair:2   | Killed a death yak
 13308 | Lair:2   | Killed a death yak
 13308 | Lair:2   | Reached XP level 13. HP: 91/101 MP: 8/26
 13446 | Lair:2   | Gained mutation: You cannot be stealthy. [Ru sacrifice]
 13446 | Lair:2   | Reached ** piety under Ru
 13867 | Lair:2   | Got a smoking chain mail
 14137 | Lair:2   | Identified the cursed +0 chain mail "Nasa" {+Fly} (You
                  | found it on level 2 of the Lair of Beasts)
 14151 | Lair:2   | Identified the +2 leather armour "Poehuop" {Str+2 Stlth+}
                  | (You found it on level 10 of the Dungeon)
 14351 | Lair:3   | Paralysed by a floating eye for 2 turns
 14648 | Lair:3   | Learned a level 3 spell: Confuse
 14909 | Lair:3   | Found a hole to the Spider Nest.
 15605 | D:7      | Killed Descartes's ghost
 15615 | D:7      | Killed Notrik's ghost
 15621 | D:7      | Killed Xerdoz's ghost
 15635 | D:7      | Killed SirRappy's ghost
 15658 | D:7      | Killed 1994's ghost
 15673 | D:7      | Got a dazzling leather armour
 15703 | D:7      | Identified the +2 leather armour of the Moon {Str+2 Dex+4}
                  | (You found it on level 7 of the Dungeon)
 16045 | D:8      | Killed Gastronok
 16113 | Orc:1    | Entered Level 1 of the Orcish Mines
 16152 | Orc:1    | Gained mutation: You cannot read scrolls while threatened.
                  | [Ru sacrifice]
 16152 | Orc:1    | Reached *** piety under Ru
 16294 | Orc:2    | Entered Level 2 of the Orcish Mines
 16442 | Orc:2    | Reached skill level 10 in Spellcasting
 16461 | Orc:2    | Reached XP level 14. HP: 109/109 MP: 5/28
 16715 | Orc:1    | Found Engunapa's Weapon Boutique.
 16715 | Orc:1    | Noticed Nergalle
 16728 | Orc:1    | Killed Nergalle
 16730 | Orc:1    | Found Idagun's Weapon Shoppe.
 17249 | Orc:2    | Found a roughly hewn altar of Beogh.
 17336 | Orc:2    | Reached skill level 10 in Fighting
 17336 | Orc:2    | Reached skill level 10 in Polearms
 17336 | Orc:2    | Reached skill level 10 in Dodging
 17344 | Orc:2    | Found Qan Zeing's Weapon Emporium.
 17437 | Orc:2    | Found Saasaegg's Jewellery Shoppe.
 17730 | Orc:2    | Gained mutation: Your magical capacity is low. (-10% MP)
                  | [Ru sacrifice]
 17730 | Orc:2    | Reached **** piety under Ru
 17965 | Orc:2    | Noticed an orc warlord
 17994 | Orc:2    | Killed an orc warlord
 18346 | Orc:2    | Found Awo Jare's Book Shop.
 18456 | Orc:2    | Found Xenagiav's Jewellery Emporium.
 18524 | Orc:2    | Found a roughly hewn altar of Beogh.
 18839 | Orc:2    | Found a staircase to the Elven Halls.
 18917 | Orc:2    | Reached skill level 10 in Invocations
 19135 | Orc:2    | Noticed a stone giant
 19234 | Orc:2    | Killed a stone giant
 19947 | Lair:4   | Found a staircase to the Shoals.
 20194 | Orc:1    | Bought the +6 scimitar "Adill" {slice, rC+ SInv} for 704
                  | gold pieces
 20865 | Lair:5   | Found a frozen archway.
 20917 | IceCv    | Entered an ice cave
 21227 | IceCv    | Found an ancient bone altar of Kikubaaqudgha.
 21665 | Lair:5   | Reached XP level 15. HP: 117/117 MP: 24/26
 21745 | Lair:5   | Reached skill level 10 in Throwing
 21745 | Lair:5   | Reached skill level 10 in Armour
 22738 | Lair:6   | Entered Level 6 of the Lair of Beasts
 22833 | Lair:6   | Reached skill level 10 in Translocations
 22854 | Lair:6   | Reached skill level 10 in Short Blades
 22854 | Lair:6   | Reached skill level 10 in Long Blades
 22854 | Lair:6   | Reached skill level 10 in Axes
 22854 | Lair:6   | Reached skill level 10 in Maces & Flails
 22854 | Lair:6   | Reached skill level 10 in Staves
 22854 | Lair:6   | Reached skill level 10 in Slings
 22854 | Lair:6   | Reached skill level 10 in Bows
 22854 | Lair:6   | Reached skill level 10 in Crossbows
 22854 | Lair:6   | Reached skill level 10 in Shields
 22854 | Lair:6   | Reached skill level 10 in Unarmed Combat
 22854 | Lair:6   | Reached skill level 10 in Evocations
 23266 | Lair:6   | Found a hazy altar of Hepliaklqana.
 23631 | Lair:6   | Found a staircase to the Slime Pits.
 23632 | Lair:6   | Found a viscous altar of Jiyva.
 24612 | Lair:6   | Reached XP level 16. HP: 103/125 MP: 28/28
 25088 | D:10     | Killed Erolcha
 25192 | D:12     | Found a flagged portal.
 25228 | D:12     | Found a flickering gateway to a bazaar.
 25237 | Bazaar   | Entered a bazaar
 25237 | Bazaar   | Found Ysexut's Antique Armour Boutique.
 25237 | Bazaar   | Found Zyxehuis's Distillery.
 25247 | Bazaar   | Found Peapuj's Weapon Boutique.
 25282 | Bazaar   | Bought a potion of invisibility for 96 gold pieces
 25282 | Bazaar   | Bought a potion of curing for 36 gold pieces
 25282 | Bazaar   | Bought a potion of curing for 36 gold pieces
 25282 | Bazaar   | Bought a potion of curing for 36 gold pieces
 25282 | Bazaar   | Bought a potion of heal wounds for 60 gold pieces
 25282 | Bazaar   | Bought a potion of heal wounds for 60 gold pieces
 25282 | Bazaar   | Bought a potion of curing for 36 gold pieces
 25291 | Bazaar   | Found Esuaddyd's Weapon Shop.
 25316 | Bazaar   | Bought a pair of glowing gloves for 135 gold pieces
 25316 | Bazaar   | Bought a pair of glowing boots for 135 gold pieces
 25316 | Bazaar   | Bought a smelly chain mail for 171 gold pieces
 25356 | Bazaar   | Identified the +1 chain mail of Shadows and Fog {MR++} (You
                  | bought it in a shop in a bazaar)
 25409 | Bailey   | Entered a bailey
 25999 | D:12     | Noticed Frances
 26039 | D:12     | Killed Frances
 26367 | D:12     | Noticed Urug
 26386 | D:12     | Killed Urug
 26907 | D:13     | Reached skill level 10 in Ice Magic
 26907 | D:13     | Reached XP level 17. HP: 92/132 MP: 18/29
 27084 | D:13     | Found a gate to the Vaults.
 27565 | D:13     | Found a hide-covered altar of Uskayaw.
 28248 | D:14     | Found Eppamaimm's Armour Shoppe.
 28961 | D:14     | Found a portal to a secret trove of treasure.
 29105 | D:15     | Entered Level 15 of the Dungeon
 29264 | D:15     | Found a basalt altar of Yredelemnul.
 29314 | D:15     | Gained mutation: You are slightly vulnerable to magic.
                  | (MR-) [Ru sacrifice]
 29314 | D:15     | Reached ***** piety under Ru
 29739 | D:15     | Found Kiveur's Jewellery Boutique.
 29814 | D:15     | Found a staircase to the Depths.
 30148 | Shoals:1 | Entered Level 1 of the Shoals
 30475 | Shoals:1 | Reached XP level 18. HP: 95/140 MP: 30/30
 31622 | Shoals:2 | Noticed Ilsuiw
 31637 | Shoals:2 | Killed Ilsuiw
 32628 | Shoals:3 | Found a runed translucent door.
 32812 | Shoals:3 | Noticed fearitself's ghost (adept MiBe)
 32814 | Shoals:3 | Found the +8 storm bow {elec, penet}
 33670 | Shoals:3 | Learned a level 3 spell: Regeneration
 33697 | Shoals:3 | Killed fearitself's ghost
 34077 | Orc:2    | Bought a book of Debilitation for 600 gold pieces
 34081 | Orc:2    | Learned a level 3 spell: Portal Projectile
 34086 | Orc:2    | Learned a level 4 spell: Cause Fear
 35179 | Shoals:4 | Entered Level 4 of the Shoals
 35484 | Shoals:4 | HP: 4/141 [merfolk impaler/+6 trident of flaming (29)]
 35484 | Shoals:4 | Mangled by a merfolk impaler

Levels and vault maps discovered:
D:1:      saegor_arrival_simple_e, layout_basic
D:2:      layout_loops_cross, first_ration, uniq_sigmund
D:3:      layout_basic, minitemple, grunt_ministairs_10
D:4:      kennysheep_kobold_camp, layout_rooms, minmay_temple_entry_fiery,
          serial_shops, shop
D:5:      layout_cave_pods, uniq_ijyb
D:6:      layout_basic, nicolae_ru_awakened_eye, hangedman_decor_growths
D:7:      layout_rooms, gammafunk_ghost_cemetery
D:8:      layout_basic, serial_shops, kennysheep_mini, st_stairs_10
D:9:      layout_roguey, uniq_gastronok
D:10:     layout_roguey, grunt_pizzeria,
          nicolae_gozag_cash_rules_everything_around_me, uniq_erolcha,
          uniq_sonja
D:11:     layout_small_grid, erik_lair_orcish_takeover
D:12:     layout_grid_maze, serial_shops, bzr_entry_islet, enter_bailey_3,
          serial_glass, glass_columns_b, glass_columns_b, glass_columns_c,
          glass_columns_a, dk_noncrumbling_3, uniq_urug, uniq_frances
D:13:     layout_basic, david_vaults_5, basic_altar
D:14:     cheibrodos_monumental, layout_long_grid, serial_shops, shop,
          enter_trove_6, kennysheep_just_a_vault
D:15:     hangedman_depths_entry_try_elsewhere_first, layout_basic,
          serial_shops, nicolae_shop_crystal, yredelemnul_altar_generic
Temple:   dpeg_five_rooms_temple
Lair:1:   layout_concentric_octagons
Lair:2:   layout_loops_ring, special_room [special_room_bee], grunt_megastairs_1
Lair:3:   layout_regular_city, spider_nest_entry_funnel_web, disabler_island,
          serial_bayou_shore_b
Lair:4:   layout_regular_city, minmay_shoals_entry_centaurs, serial_forest,
          infiniplex_forest_end_3, infiniplex_forest_clump_long,
          infiniplex_forest_clump_medium, infiniplex_forest_straight_4,
          lemuel_fruit_fields
Lair:5:   layout_regular_city, portal_ice_cave_entry_animals_and_master,
          enter_volcano_1
Lair:6:   grunt_lair_end_beastmaster, layout_regular_city, slime_altar_1,
          basic_altar, grunt_megastairs_3
Shoals:1: layout_shoals
Shoals:2: layout_shoals, uniq_ilsuiw
Shoals:3: layout_shoals, ebering_ghost_inner_flame
Shoals:4: shoals_end_hangedman, layout_shoals
Orc:1:    layout_caves, serial_shops, shop, shop, uniq_nergalle
Orc:2:    pubby_orc_utopia

Skill      XL: |  1  2  3  4  5  6  7  8  9 10 11 12 13 14 15 16 17 18 |
---------------+-------------------------------------------------------+-----
Spellcasting   | 5 6 7 8 9 10 11 12 | 12.5
Invocations    | 1 2 3 4 5 6 7 8 9 10 11 12 | 12.5
Short Blades   | 1 2 3 4 5 6 7 8 9 10 11 | 11.6
Long Blades    | 1 2 3 4 5 6 7 8 9 10 11 | 11.6
Axes           | 1 2 3 4 5 6 7 8 9 10 11 | 11.6
Maces & Flails | 1 2 3 4 5 6 7 8 9 10 11 | 11.6
Staves         | 1 2 3 4 5 6 7 8 9 10 11 | 11.6
Slings         | 1 2 3 4 5 6 7 8 9 10 11 | 11.6
Bows           | 1 2 3 4 5 6 7 8 9 10 11 | 11.6
Crossbows      | 1 2 3 4 5 6 7 8 9 10 11 | 11.6
Stealth        | 1 2 3 4 5 6 7 0 |  0.0
Shields        | 1 2 3 4 5 6 7 8 9 10 11 | 11.6
Unarmed Combat | 1 2 3 4 5 6 7 8 9 10 11 | 11.6
Evocations     | 1 2 3 4 5 6 7 8 9 10 11 | 11.6
Throwing       | 3 4 5 6 7 8 9 10 11 | 11.9
Armour         | 3 4 5 6 7 8 9 10 11 | 11.9
Conjurations   | 1 2 3 4 5 6 7 8 9 |  9.9
Hexes          | 1 2 3 4 5 6 7 8 9 |  9.9
Charms         | 1 2 3 4 5 6 7 8 9 |  9.9
Summonings     | 1 2 3 4 5 6 7 8 9 |  9.9
Necromancy     | 1 2 3 4 5 6 7 8 9 |  9.9
Transmutations | 1 2 3 4 5 6 7 8 9 |  9.9
Fire Magic     | 1 2 3 4 5 6 7 8 9 |  9.9
Ice Magic      | 1 2 3 4 5 6 7 8 9 10 11 | 11.4
Air Magic      | 1 2 3 4 5 6 7 8 9 |  9.9
Earth Magic    | 1 2 3 4 5 6 7 8 9 |  9.9
Poison Magic   | 1 2 3 4 5 6 7 8 9 |  9.9
Fighting       | 5 6 7 8 9 10 11 12 | 12.4
Polearms       | 5 6 7 8 9 10 11 12 | 12.4
Dodging        | 5 6 7 8 9 10 11 12 | 12.4
Translocations | 6 7 8 9 10 11 | 11.2

Action                   |  1- 3 |  4- 6 |  7- 9 | 10-12 | 13-15 | 16-18 || total
-------------------------+-------+-------+-------+-------+-------+-------++-------
Melee: Spear             |    39 |       |       |       |       |       ||    39
       Bite              |    10 |     6 |    94 |    98 |   214 |   182 ||   604
       Whip              |    58 |    95 |   686 |   684 |   596 |    25 ||  2144
       Punch             |       |       |     3 |       |       |       ||     3
       Headbutt          |       |       |       |   131 |   371 |   344 ||   846
       Scimitar          |       |       |       |       |   475 |   759 ||  1234
 Fire: Longbow           |       |       |       |       |       |    57 ||    57
 Cast: Shroud of Golubri |       |     4 |    37 |    63 |   124 |   102 ||   330
       Blink             |       |     1 |     1 |     5 |     8 |       ||    15
       Confusing Touch   |       |       |       |    71 |   134 |   114 ||   319
       Gell's Gravitas   |       |       |       |     6 |     3 |     4 ||    13
       Lesser Beckoning  |       |       |       |     4 |       |    50 ||    54
       Teleport Other    |       |       |       |     6 |     4 |       ||    10
       Olgreb's Toxic Ra |       |       |       |    31 |   146 |    83 ||   260
       Mephitic Cloud    |       |       |       |     1 |     9 |    15 ||    25
       Passage of Golubr |       |       |       |       |     8 |     4 ||    12
       Apportation       |       |       |       |       |     3 |       ||     3
       Confuse           |       |       |       |       |    16 |    35 ||    51
       Portal Projectile |       |       |       |       |       |     5 ||     5
       Regeneration      |       |       |       |       |       |     3 ||     3
       Cause Fear        |       |       |       |       |       |     2 ||     2
Invok: Sacrifice Love    |       |       |     1 |       |       |       ||     1
       Reject Sacrifices |       |       |       |     1 |     2 |     1 ||     4
       Sacrifice Words   |       |       |       |       |     1 |       ||     1
       Sacrifice Stealth |       |       |       |       |     1 |       ||     1
       Power Leap        |       |       |       |       |     4 |     1 ||     5
       Sacrifice Essence |       |       |       |       |     1 |     1 ||     2
Evoke: Wand              |       |       |       |     9 |     7 |    13 ||    29
       Lightning rod     |       |       |       |     5 |     2 |       ||     7
       Lamp of fire      |       |       |       |     2 |     1 |     1 ||     4
  Use: Potion            |       |     1 |       |    14 |     4 |    10 ||    29
       Scroll            |       |       |       |    17 |    12 |     5 ||    34
 Stab: Sleeping          |     1 |     4 |     2 |     7 |     1 |       ||    15
       Confused          |       |       |       |    39 |    93 |    89 ||   221
       Distracted        |       |       |       |     2 |     2 |     2 ||     6
       Invisible         |       |       |       |     1 |     6 |     8 ||    15
       Petrified         |       |       |       |       |     8 |       ||     8
       Petrifying        |       |       |       |       |     1 |       ||     1
  Eat: Chunk             |       |     6 |    16 |     8 |    25 |     9 ||    64
       Ration            |       |       |     1 |     4 |     7 |    10 ||    22
Armor: Leather armour    |    21 |    17 |    28 |   160 |   164 |    79 ||   469
       Skin              |       |     3 |       |       |       |       ||     3
       Chain mail        |       |       |   206 |    33 |   152 |    77 ||   468
Dodge: Dodged            |    75 |    57 |   243 |   357 |   626 |   442 ||  1800
Block: Buckler           |       |       |    76 |   134 |   297 |   203 ||   710
       Rpst.: Scimitar   |       |       |       |       |    64 |    80 ||   144
